 Dungeon Crawl Stone Soup version 0.24.1 (webtiles) character file.

Game seed: 9456687363608122314, levelgen mode: deterministic

58932 BuffBuff the Severer (level 14, -28/130 HPs)
             Began as a Minotaur Berserker on Apr 2, 2020.
             Was a High Priest of Trog.
             Killed from afar by a fire dragon (38 damage)
             ... with a blast of flame
             ... on level 6 of the Lair of Beasts on Apr 3, 2020.
             The game lasted 01:02:26 (20871 turns).

BuffBuff the Severer (Minotaur Berserker)          Turns: 20871, Time: 01:02:26

Health: -28/130    AC: 24    Str: 29    XL:     14   Next: 51%
Magic:  14/14      EV: 13    Int:  4    God:    Trog [*****.]
Gold:   1430       SH:  0    Dex:  9    Spells: 13/13 levels left

rFire    . . .     SeeInvis +   a - +8 battleaxe of Anxiety {drain, Str+3}
rCold    . . .     Gourm    .   (shield currently unavailable)
rNeg     . . .     Faith    .   z - +1 plate armour
rPois    +         Spirit   .   L - +0 hat {MR+}
rElec    .         Reflect  .   h - +1 cloak {rPois}
rCorr    .         Harm     .   N - +0 pair of gloves
MR       +++..                  E - +1 pair of boots
Stlth    ..........             (no amulet)
HPRegen  0.31/turn              y - ring of protection from magic
MPRegen  0.14/turn              w - ring of see invisible

@: very slow
A: retaliatory headbutt, horns 2, clumsy 1, high mp 1, screaming 1
a: Berserk, Trog's Hand, Brothers in Arms, Renounce Religion


You were on level 6 of the Lair of Beasts.
You worshipped Trog.
Trog was extremely pleased with you.
You were not hungry.

You visited 2 branches of the dungeon, and saw 18 of its levels.
You also visited: Ossuary and Volcano.

You collected 1652 gold pieces.
You spent 222 gold pieces at shops.

Inventory:

Hand Weapons
 a - the +8 battleaxe of Anxiety (weapon) {drain, Str+3}
   (Trog gifted it to you on level 5 of the Lair of Beasts)

   A truly terrible weapon, it drains the life of those it strikes.
   It affects your strength (+3).
 b - a +0 battleaxe of flaming
 M - a +2 battleaxe of venom
Missiles
 p - 7 curare-tipped darts (quivered)
Armour
 h - a +1 cloak of poison resistance (worn)
 z - a +1 plate armour (worn)
 E - a +1 pair of boots (worn)
 L - a +0 hat of magic resistance (worn)
 N - a +0 pair of gloves (worn)
 O - +0 ice dragon scales
Jewellery
 g - an uncursed ring of ice
 w - a ring of see invisible (right hand)
 y - a ring of protection from magic (left hand)
 G - an uncursed ring of flight
 J - a +3 ring of evasion {unknown}
Wands
 d - a wand of iceblast (10)
 e - a wand of scattershot (1)
 f - a wand of flame (22)
 j - a wand of random effects (21)
 r - a wand of disintegration (6)
 t - a wand of enslavement (4)
 u - a wand of polymorph (34)
 I - a wand of digging (4)
Scrolls
 i - 13 scrolls of teleportation
 l - 5 scrolls of remove curse
 q - 6 scrolls of enchant weapon
 x - a scroll of fear
 A - 3 scrolls of magic mapping
 C - a scroll of summoning {unknown}
 F - 4 scrolls of enchant armour
 K - 7 scrolls of identify
Potions
 k - a potion of invisibility
 m - a potion of berserk rage {unknown}
 n - a potion of might
 o - 12 potions of curing
 s - 4 potions of lignification
 v - a potion of brilliance
 B - 3 potions of agility
 D - a potion of cancellation
 H - a potion of flight
Comestibles
 c - 45 rations
 P - 12 chunks of flesh


   Skills:
 + Level 13.9 Fighting
 * Level 18.4 Axes
 + Level 13.7 Armour
 + Level 12.7 Dodging


You had 13 spell levels left.
You didn't know any spells.
Your spell library was empty.

Dungeon Overview and Level Annotations

Branches:
Dungeon (12/15)            Temple (0/1) D:7            Lair (6/6) D:8
 Shoals (0/4) Lair:2       Spider (0/4) Lair:4        Slime (0/5) Lair:6
    Orc (0/2) D:11        Ossuary (visited)         Volcano (visited)

Altars:
Cheibriados
Dithmenos
Elyvilon
Gozag
Hepliaklqana
Kikubaaqudgha
Makhleb
Nemelex Xobeh
Okawaru
Ru
Sif Muna
Uskayaw
Wu Jian
Xom
Zin
The Shining One

Shops:
D:5 ([%:=   D:11 ?   D:12 ?

Annotations:
D:9 1 runed translucent door, kalagan's ghost, journeyman GrEE
Lair:6 exclusion: 2 oklob plants


Innate Abilities, Weirdness & Mutations

You reflexively headbutt those who attack you in melee.
You have a pair of horns on your head.
You are clumsy. (Dex -2)
You have an increased reservoir of magic. (+10% MP)
You occasionally shout uncontrollably at your foes.


Message History

The fire dragon barely misses you.
Your unstable footing causes you to fumble your attack.
The swamp dragon bites you!
* * * LOW HITPOINT WARNING * * *
The swamp dragon claws you but does no damage.
The swamp dragon closely misses you. The fire dragon bites you.
* * * LOW HITPOINT WARNING * * *
The fire dragon claws you but does no damage.
The fire dragon tramples you but does no damage.
As you read the scroll of fear, it crumbles to dust.
You assume a fearsome visage.
The swamp dragon looks frightened!
The fire dragon looks frightened!
You enter the shallow water.
Moving in this stuff is going to be slow.
The fire dragon seems to regain its courage.
You enter the shallow water.
Moving in this stuff is going to be slow.
The fire dragon breathes flames at you. The blast of flame hits you!!!
You die...

#..#........## ♣♣♣♣♣♣♣♣♣♣
.............# ♣♣♣≈.≈..≈..♣♣
#............#♣♣...≈≈≈≈≈≈≈..
#............#♣..♣.D≈≈≈≈≈≈≈≈
#............#♣.P≈§≈≈≈≈.≈≈≈≈
#.........P..#♣..≈.≈.≈≈≈.≈≈≈
#.........#.##♣.≈§♣≈♣..≈P.≈≈
...###.....## ♣≈≈§♣♣♣♣♣.♣$..
...# #.....# ♣P@..♣.♣♣♣♣ ($ ♣
...###.....# ♣♣..÷♣♣.♣♣♣ . ♣≈
...#.#.....# ♣♣≈.÷≈≈≈P♣♣ ♣≈.
..###÷.....# ♣♣♣...≈..♣♣ ♣...
...###÷....#
♣.♣....≈≈.♣♣♣≈≈P.
..###......####
♣..♣♣♣.♣≈≈≈≈≈≈..♣ ..#
#......#..#♣.....♣♣♣≈.≈≈≈♣..♣
..#
##......#.#♣♣♣♣P.♣♣≈≈≈.....♣
..#
#....#....♣♣♣♣♣♣≈≈≈♣P.♣†.♣♣


You could see a fire dragon.

Vanquished Creatures
  Jorgrun (D:12)
  Gastronok (D:10)
  A stone giant (Volcano)
  The ghost of Befuwnopp the Grappler, a journeyman TrHu of Cheibriados (Lair:3)
  Snorg (Lair:6)
  A fire dragon (Lair:6)
  2 hydras
  An ice dragon (Lair:6)
  Erica (D:8)
  A catoblepas (Lair:6)
  2 two-headed ogres
  9 death yaks
  Urug (D:10)
  2 unseen horrors
  The ghost of Destapler the Ruffian, a novice TrMo of Okawaru (D:7)
  A lindwurm (Lair:6)
  2 oklob plants (Lair:6)
  A deep elf mage (D:12)
  Maurice (D:7)
  2 black mambas
  2 gargoyles (Volcano)
  A molten gargoyle (Volcano)
  5 spiny frogs
  8 torpor snails
  An efreet (Volcano)
  7 komodo dragons
  5 rime drakes
  3 polar bears (Lair:6)
  4 tyrant leeches (Lair:6)
  A troll (D:12)
  7 hornets (Lair:6)
  10 hippogriffs
  6 slime creatures (D:12)
  3 blink frogs (Lair:6)
  A vampire (D:12)
  49 yaks
  A fire elemental (Volcano)
  5 basilisks
  2 fire bats (Volcano)
  2 steam dragons (Lair:6)
  4 vampire mosquitoes (D:12)
  An acid dragon (D:11)
  11 water moccasins
  Duvessa (D:4)
  2 sky beasts
  5 orc warriors
  9 porcupines
  2 swamp drakes (Lair:6)
  2 ice beasts
  A hornet zombie (D:12)
  2 ogres
  A phantom (D:12)
  2 centaurs
  19 wolves
  15 crocodiles
  3 big kobolds
  21 bullfrogs
  2 earth elementals (Volcano)
  Dowan (D:4)
  A wyvern skeleton (D:11)
  12 scorpions
  13 killer bees
  7 wights
  An electric eel (Lair:2)
  7 lava snakes (Volcano)
  5 centaur zombies
  5 crimson imps
  3 bullfrog zombies
  A quasit (D:9)
  9 orc priests
  8 hounds
  2 jellies
  Crazy Yiuf (D:7)
  5 centaur skeletons
  11 orc wizards
  2 bullfrog skeletons
  6 iguanas
  10 worker ants
  A hound zombie (D:5)
  2 hound skeletons
  5 mummies
  A howler monkey zombie (D:11)
  7 gnolls
  6 scorpion zombies (Ossuary)
  13 adders
  2 shadow imps
  3 white imps (Lair:6)
  An ooze (D:2)
  3 adder skeletons
  2 adder zombies
  7 worms
  4 dart slugs
  9 leopard geckos
  40 orcs
  11 bats
  8 giant cockroaches
  9 goblins
  8 hobgoblins
  11 jackals
  22 kobolds
  4 quokkas
  3 ball pythons
  10 frilled lizards
  2 gnoll zombies (Ossuary)
  4 goblin zombies (Ossuary)
  3 hobgoblin zombies (Ossuary)
  2 orc zombies (Ossuary)
  A quokka skeleton (D:9)
  6 rats
  A fungus (Lair:4)
  6 plants
586 creatures vanquished.

Vanquished Creatures (others)
  A blink frog (Lair:6)
  A yak (D:8)
  2 fungi (Lair:6)
  11 plants (Lair:6)
15 creatures vanquished.

Grand Total: 601 creatures vanquished

Notes
Turn   | Place    | Note
-------+----------+-------------------------------------------
     0 | D:1      | BuffBuff the Minotaur Berserker began the quest for the
                  | Orb.
     0 | D:1      | Reached XP level 1. HP: 19/19 MP: 0/0
    88 | D:1      | Reached XP level 2. HP: 19/27 MP: 1/1
    88 | D:1      | Reached skill level 4 in Axes
   531 | D:1      | Reached ** piety under Trog
   730 | D:1      | Reached XP level 3. HP: 32/33 MP: 2/2
  1363 | D:2      | Found a white marble altar of Elyvilon.
  1408 | D:2      | Reached XP level 4. HP: 40/40 MP: 3/3
  1424 | D:2      | Reached skill level 5 in Axes
  1597 | D:2      | Found a glowing golden altar of the Shining One.
  1709 | D:2      | Reached XP level 5. HP: 47/47 MP: 4/4
  1713 | D:2      | Noticed a centaur
  1722 | D:2      | Killed a centaur
  1976 | D:2      | Reached *** piety under Trog
  2594 | D:3      | Reached XP level 6. HP: 55/55 MP: 5/5
  2755 | D:3      | You fall into a shaft and drop 1 floor!
  2778 | D:4      | Reached skill level 5 in Fighting
  2778 | D:4      | Reached skill level 6 in Axes
  3088 | D:3      | Found a snail-covered altar of Cheibriados.
  3263 | D:3      | Found a faded altar of an unknown god.
  3824 | D:4      | Found a sparkling altar of Nemelex Xobeh.
  3993 | D:4      | Noticed Duvessa
  3995 | D:4      | Noticed Dowan
  4010 | D:4      | Killed Duvessa
  4010 | D:4      | Reached XP level 7. HP: 61/61 MP: 6/6
  4017 | D:4      | Killed Dowan
  4350 | D:5      | Entered Level 5 of the Dungeon
  4350 | D:5      | Found Sostrur's Antique Armour Shoppe.
  4361 | D:5      | Reached skill level 7 in Axes
  4411 | D:5      | Found Vafelukh's Food Shop.
  4427 | D:5      | Found a sand-covered staircase.
  4457 | Ossuary  | Entered an ossuary
  4471 | Ossuary  | Reached skill level 5 in Armour
  4499 | Ossuary  | Reached **** piety under Trog
  4805 | Ossuary  | Reached XP level 8. HP: 55/70 MP: 7/7
  4998 | Ossuary  | Reached skill level 8 in Axes
  5018 | Ossuary  | Reached skill level 5 in Dodging
  5320 | D:5      | Found a shadowy altar of Dithmenos.
  5461 | D:5      | Found Axzalewn's Jewellery Emporium.
  5566 | D:5      | Found Kybi's Book Boutique.
  5709 | D:5      | Found Usiajery's Weapon Boutique.
  5832 | D:5      | Bought a pair of runed boots for 187 gold pieces
  5888 | D:6      | Reached ***** piety under Trog
  5935 | D:6      | Reached skill level 9 in Axes
  6267 | D:6      | Found a shimmering blue altar of Sif Muna.
  6557 | D:6      | Reached XP level 9. HP: 67/79 MP: 8/8
  6824 | D:6      | Found an iron altar of Okawaru.
  7214 | D:7      | Got a pair of spiked boots
  7224 | D:7      | Identified the -4 pair of boots of Impermeability {rC-
                  | Str+7 Dex-3 Slay+2} (You found it on level 7 of the
                  | Dungeon)
  7271 | D:7      | Found a runed translucent door.
  7272 | D:7      | Noticed Crazy Yiuf
  7280 | D:7      | Got an ivory mace
  7280 | D:7      | Identified the cursed +0 mace "Xosomnei" {antimagic,
                  | Stlth+} (You found it on level 7 of the Dungeon)
  7307 | D:7      | Killed Crazy Yiuf
  7307 | D:7      | Reached skill level 10 in Axes
  7364 | D:7      | Found a hazy altar of Hepliaklqana.
  7430 | D:7      | You fall into a shaft and drop 3 floors!
  7430 | D:10     | Entered Level 10 of the Dungeon
  7434 | D:10     | Noticed Urug
  7449 | D:10     | Killed Urug
  7768 | D:8      | Found a shimmering blue altar of Sif Muna.
  7787 | D:8      | Noticed Maurice
  7794 | D:8      | Noticed Erica
  7803 | D:7      | Killed Maurice
  7803 | D:7      | Reached skill level 11 in Axes
  7845 | D:7      | Found a staircase to the Ecumenical Temple.
  7965 | D:7      | Found a sacrificial altar of Ru.
  8029 | D:7      | Reached XP level 10. HP: 90/90 MP: 9/9
  8103 | D:7      | Found a runed translucent door.
  8103 | D:7      | Noticed Destapler's ghost (novice TrMo)
  8135 | D:7      | Killed Destapler's ghost
  8203 | D:7      | Found a glowing silver altar of Zin.
  8204 | D:7      | Found an opulent altar of Gozag.
  8691 | D:8      | Noticed a death yak
  8710 | D:8      | Noticed a death yak
  8722 | D:7      | Killed a death yak
  8722 | D:7      | Reached skill level 12 in Axes
  8796 | D:8      | Noticed a death yak
  8806 | D:7      | Killed a death yak
  9050 | D:8      | Killed a death yak
  9055 | D:8      | Killed Erica
  9060 | D:7      | Received a gift from Trog
  9063 | D:7      | Reached XP level 11. HP: 77/99 MP: 10/10
  9065 | D:7      | Reached skill level 13 in Axes
  9239 | D:8      | Found a staircase to the Lair.
  9322 | D:8      | Found an ornate altar of the Wu Jian Council.
  9533 | D:9      | Gained mutation: You occasionally shout uncontrollably at
                  | your foes. [mutagenic glow]
  9565 | D:9      | Gained mutation: You are dopey. (Int -2) [mutagenic glow]
  9659 | D:9      | Lost mutation: You are dopey. (Int -2) [potion of mutation]
  9659 | D:9      | Lost mutation: You occasionally shout uncontrollably at
                  | your foes. [potion of mutation]
  9659 | D:9      | Gained mutation: You are clumsy. (Dex -2) [potion of
                  | mutation]
  9659 | D:9      | Gained mutation: You have an increased reservoir of magic.
                  | (+10% MP) [potion of mutation]
  9770 | D:9      | Found a runed translucent door.
  9770 | D:9      | Found a shimmering altar of Xom.
  9770 | D:9      | Noticed kalagan's ghost (journeyman GrEE)
  9771 | D:9      | Noticed a +2 scimitar of chaos
  9848 | D:9      | Reached skill level 10 in Fighting
  9929 | D:9      | Noticed an unseen horror
  9932 | D:9      | Killed an unseen horror
  9960 | D:9      | Noticed a hell beast
  9961 | D:9      | Found a burning altar of Makhleb.
 10060 | D:9      | Found an ancient bone altar of Kikubaaqudgha.
 10726 | D:10     | Got an ichor-stained falchion
 10726 | D:10     | Identified the +6 falchion "Pendulum" {slice, *Contam rElec
                  | rF- rN+++ SInv} (You found it on level 10 of the Dungeon)
 10743 | D:10     | Gained mutation: You occasionally shout uncontrollably at
                  | your foes. [mutagenic glow]
 10832 | D:10     | Noticed Gastronok
 10848 | D:10     | Killed Gastronok
 10848 | D:10     | Reached skill level 10 in Armour
 10959 | D:10     | Noticed a two-headed ogre
 10959 | D:10     | Noticed an unseen horror
 10967 | D:10     | Killed an unseen horror
 10967 | D:10     | Reached skill level 14 in Axes
 10971 | D:10     | Killed a two-headed ogre
 11468 | D:11     | Received a gift from Trog
 11876 | D:11     | Noticed a two-headed ogre
 11885 | D:11     | Killed a two-headed ogre
 11885 | D:11     | Reached XP level 12. HP: 110/110 MP: 12/12
 11983 | D:11     | Found a staircase to the Orcish Mines.
 12176 | D:11     | Found Usuf's Magic Scroll Boutique.
 12183 | D:11     | Bought a scroll of fear for 35 gold pieces
 12342 | D:12     | Reached skill level 10 in Dodging
 12481 | D:12     | Found Heneiskuz's Magic Scroll Shoppe.
 12741 | D:12     | Reached skill level 15 in Axes
 13148 | D:12     | Noticed Jorgrun
 13162 | D:12     | Killed Jorgrun
 13606 | Lair:1   | Entered Level 1 of the Lair of Beasts
 13864 | Lair:1   | You fall into a shaft and drop 1 floor!
 13886 | Lair:2   | Found a dark tunnel.
 13900 | Volcano  | Entered a volcano
 14448 | Volcano  | Found a bloodstained altar of Trog.
 14515 | Volcano  | Noticed a stone giant
 14526 | Volcano  | Killed a stone giant
 14980 | Volcano  | Reached skill level 16 in Axes
 15401 | Lair:2   | Reached XP level 13. HP: 98/118 MP: 13/13
 16003 | Lair:2   | Found a staircase to the Shoals.
 16737 | Lair:3   | Found a runed translucent door.
 16742 | Lair:3   | Noticed Befuwnopp's ghost (journeyman TrHu)
 16757 | Lair:3   | Killed Befuwnopp's ghost
 17202 | Lair:4   | Got a steaming chain mail
 17212 | Lair:4   | Identified the cursed +1 chain mail of Card Tricks {Int+4}
                  | (You found it on level 4 of the Lair of Beasts)
 17276 | Lair:4   | Found a hole to the Spider Nest.
 17385 | Lair:4   | Found a hide-covered altar of Uskayaw.
 17961 | Lair:4   | Reached skill level 17 in Axes
 18186 | Lair:5   | Received a gift from Trog
 18203 | Lair:5   | Got a dazzling battleaxe {god gift}
 18203 | Lair:5   | Identified the +8 battleaxe of Anxiety {drain, Str+3} (Trog
                  | gifted it to you on level 5 of the Lair of Beasts)
 18532 | Lair:5   | Found a snail-covered altar of Cheibriados.
 19047 | Lair:6   | Entered Level 6 of the Lair of Beasts
 19047 | Lair:6   | Found a staircase to the Slime Pits.
 19546 | Lair:6   | Reached XP level 14. HP: 119/129 MP: 14/14
 19626 | Lair:6   | Found a runed translucent door.
 19662 | Lair:6   | Paralysed by a hornet for 1 turns
 20169 | Lair:6   | Reached skill level 18 in Axes
 20289 | Lair:6   | Noticed Snorg
 20296 | Lair:6   | Killed Snorg
 20861 | Lair:6   | HP: 6/130 [fire dragon/blast of flame (20)]
 20871 | Lair:6   | Killed from afar by a fire dragon

Levels and vault maps discovered:
D:1:      saegor_arrival_simple_c, layout_basic
D:2:      minmay_razor_zed, layout_loops_corners, elyvilon_altar_3,
          tso_metal_star
D:3:      layout_basic, kennysheep_slug_shrine, first_ration,
          chequers_ecumenical_altar_grove, minmay_misc_feat_hallway
D:4:      layout_rooms, lemuel_doored_altar, serial_curves, eino_curves_02,
          eino_curves_02, eino_curves_04, uniq_duvessa
D:5:      layout_cave_pods, nicolae_dithmenos_the_darkroom,
          nicolae_ossuary_entry_ruins, serial_shops,
          nicolae_shop_competitors_out_of_business, nicolae_shop_trees,
          shop_fountains, kennysheep_mini_moat, shop
D:6:      minmay_diamond_boxcup, layout_loops_corners,
          overflow_temple_1_default, okawaru_gym_becter, corexii_shack,
          kennysheep_generic_room_11
D:7:      layout_loops_corners, nicolae_overflow_crystal_walls,
          lemuel_round_altar, grunt_temple_overflow_gold_and_silver,
          temple_doors_e, gammafunk_ghost_grave, uniq_crazy_yiuf_cottage
D:8:      layout_cave_pools, kennysheep_little_box, dpeg_lair_monsters,
          led_sif_pool, uniq_erica, uniq_maurice
D:9:      minmay_angry_zag, layout_stronghold, kennysheep_mini,
          ebering_ghost_xom, blue_anna_alchemist [blue_anna_fruit_fields,
          blue_anna_fruit_fields], lemuel_hellish_altar
D:10:     layout_basic, abandoned_shop, uniq_gastronok, uniq_urug
D:11:     layout_long_grid, hiddenorc1_lemuel, serial_undead, serial_undead_f,
          serial_undead_e, serial_undead_b, serial_undead_b, serial_shops, shop
D:12:     layout_roguey, serial_shops, nicolae_shop_trees, uniq_jorgrun
Lair:1:   layout_gridlike, serial_bayou_lake_a, serial_bayou_shore_b
Lair:2:   layout_cave_pods, elwin_shoals_entry_rocks, enter_volcano_2,
          beast_lair_carwin_7, serial_bayou_shore_a, infiniplex_staircase_pool_2
Lair:3:   layout_misc_corridors, ebering_ghost_inner_flame, serial_bayou_shore_b
Lair:4:   layout_hall_layers, nicolae_spider_entry_non_spiders, basic_altar
Lair:5:   layout_cave_pods, kennysheep_snail_temple, lemuel_fruit_fields,
          lemuel_fruit_tree
Lair:6:   guppyfry_lair_end_dragon, layout_long_grid, wormcave,
          minmay_slime_entry_oklob_open, bobbens_ice_dragon_lair,
          minmay_lair_oklob_chamber, grunt_megastairs_2, lemuel_fruit_fields,
          uniq_snorg

Skill      XL: |  1  2  3  4  5  6  7  8  9 10 11 12 13 14 |
---------------+-------------------------------------------+-----
Axes           | 4 5 6 7 9 11 12 14 16 17 18 | 18.4
Fighting       | 4 5 6 7 8 9 11 12 13 | 13.9
Armour         | 3 4 5 6 8 9 10 11 13 | 13.7
Dodging        | 3 4 6 7 8 9 11 12 | 12.7

Action                   |  1- 3 |  4- 6 |  7- 9 | 10-12 | 13-15 || total
-------------------------+-------+-------+-------+-------+-------++-------
Melee: Hand axe          |    94 |   169 |       |       |       ||   263
       Headbutt          |    15 |    27 |    62 |    98 |   103 ||   305
       War axe           |       |    13 |   333 |    73 |       ||   419
       Battleaxe         |       |       |       |   439 |   449 ||   888
Invok: Berserk           |     1 |     3 |     3 |     9 |     2 ||    18
       Trog's Hand       |       |       |       |     6 |     9 ||    15
  Use: Scroll            |       |     9 |     2 |    17 |     3 ||    31
       Potion            |       |       |       |     5 |     3 ||     8
 Stab: Invisible         |       |       |     1 |     3 |       ||     4
       Petrified         |       |       |       |       |     1 ||     1
  Eat: Chunk             |     3 |    10 |    13 |    18 |    23 ||    67
       Ration            |       |       |     1 |     5 |       ||     6
Armor: Animal skin       |    16 |       |       |       |       ||    16
       Chain mail        |    18 |    63 |       |       |       ||    81
       Plate armour      |       |    27 |   194 |   320 |   210 ||   751
       Ice dragon scales |       |       |       |       |    51 ||    51
Dodge: Dodged            |    50 |   109 |   148 |   285 |   317 ||   909
